AoeStats
← tiberius el asesino de pilmeni

Arabia

505938935Analyzed
1v1 RM · 19d ago on Sep 11, 2026· 37m 18s· 2 players
Game mode
Random Map
Map size
Tiny (2 player)
Population
200
Speed
Normal
Resources
Standard
Victory
Conquest
Starting age
Dark Age
Ending age
Imperial Age
RankedLock teamsTeams togetherTeam positionsShared explorationLock speedFull tech treeHidden civsTurbo modeCheats
Victory
Defeat
🇨🇴 Armenians · Colombia
644
+14
609
-14
tiberius el asesino de pilmeni
3:31 Loom
11:21 Feudal Age
12:16 Double-Bit Axe
13:52 Horse Collar
14:58 Scale Barding Armor
18:01 Wheelbarrow
19:56 Bloodlines
25:53 Castle Age
24:38 Padded Archer Armor
24:28 Fletching
25:37 Gold Mining
25:38 Stone Mining
27:02 Husbandry
26:34 Light Cavalry
27:28 Thumb Ring
28:27 Gold Shaft Mining
28:26 Chain Barding Armor
31:40 Bow Saw
31:47 Hand Cart
31:35 Bodkin Arrow
Jusep Pedrerol
0:26 Loom
13:24 Feudal Age
14:36 Horse Collar
16:41 Pikeman
19:43 Wheelbarrow
19:31 Town Watch
19:58 Man-at-Arms
20:24 Arson
20:34 Double-Bit Axe
21:01 Long Swordsman
21:45 Gold Mining
22:19 Stone Mining
27:56 Castle Age
26:10 Forging
26:01 Scale Mail Armor
26:48 Fletching
29:02 Hand Cart
31:03 Bodkin Arrow
31:16 Squires
31:08 Gambesons
32:28 Bow Saw
32:22 Heavy Plow
32:48 Two-Handed Swordsman
35:35 Iron Casting
Connection lost

Rejoining the realm…

Still unreachable

The connection could not be restored.

Session expired

The server has moved on; the page needs a fresh start.